 Dungeon Crawl Stone Soup version 0.30.1-11-g7821555f0a (webtiles) character file.

Game seed: 15276195074822455233

1851 jagang the Fighter (level 9, -3/76 HPs)
             Began as a Barachi Monk on Dec 15, 2023.
             Slain by a two-headed ogre
             ... wielding a +0 giant club
              (9 damage)
             ... on level 6 of the Dungeon.
             The game lasted 00:15:38 (5139 turns).

jagang the Fighter (Barachi Monk)                   Turns: 5139, Time: 00:15:38

Health: -3/76      AC: 13    Str: 12    XL:     9   Next: 12%
Magic:  0/9        EV:  4    Int: 11    God:
Gold:   294        SH:  0    Dex: 19    Spells: 8/8 levels left

rFire   + . .        u - +0 long sword
rCold   + . .        d - orb {light}
rNeg    . . .        a - +0 plate armour
rPois   +            c - +0 helmet
rElec   .            A - scarf {rC+ rF+}
rCorr   .            B - +1 pair of gloves {hurl}
SInv    .            (no boots)
Will    .....        p - amulet of guardian spirit Stlth
                     y - ring of poison resistance
HPRegen 0.32/turn    (no ring)
MPRegen 0.11/turn

%: guardian spirit
@: unable to hop, glowing, slow
A: amphibious, slowness 1, strong legs 1, +LOS
a: Hop


You were on level 6 of the Dungeon.
You visited 1 branch of the dungeon, and saw 6 of its levels.

You collected 294 gold pieces.

Inventory:

Hand Weapons
 u - a +0 long sword (weapon)
Missiles
 e - 6 boomerangs (quivered)
 C - 11 poisoned darts
Armour
 a - a +0 plate armour (worn)
 c - a +0 helmet (worn)
 d - an orb of light (worn)
 A - a scarf of resistance (worn)
 B - a +1 pair of gloves of hurling (worn)
 H - a +0 buckler
Jewellery
 p - an amulet of guardian spirit (around neck)
 y - a ring of poison resistance (left hand)
Wands
 s - a wand of flame (35)
 z - a wand of digging (5)
Scrolls
 b - 2 scrolls of enchant weapon {unknown}
 f - 4 scrolls of enchant armour {unknown}
 g - a scroll of immolation {unknown}
 j - 2 scrolls of blinking
 n - 5 scrolls of identify {unknown}
 o - a scroll of butterflies {unknown}
 t - 5 scrolls of teleportation {unknown}
 w - 2 scrolls of silence {unknown}
 D - a scroll of acquirement {unknown}
 E - a scroll of poison {unknown}
 G - 3 scrolls of vulnerability {unknown}
Potions
 h - 4 potions of heal wounds {unknown}
 i - 2 potions of mutation {unknown}
 k - 4 potions of curing {unknown}
 l - 2 potions of brilliance {unknown}
 m - a potion of haste {unknown}
 q - a potion of attraction {unknown}
 r - 2 potions of berserk rage {unknown}
 v - a potion of invisibility {unknown}
 x - a potion of flight {unknown}
 F - 2 potions of magic {unknown}
 I - a potion of might {unknown}


   Skills:
 * Level 9.0 Fighting
 * Level 9.0 Long Blades
 + Level 3.7 Throwing
 + Level 6.1 Dodging


You had 8 spell levels left.
You didn't know any spells.
Your spell library contained the following spells:

 Spells                   Type           Power      Damage    Failure   Level
 Slow                     Hex            0%         N/A       100%        1
 Blink                    Tloc           0%         N/A       100%        2
 Lesser Beckoning         Tloc           0%         N/A       100%        2
 Momentum Strike          Conj/Tloc      0%         3d8       100%        2
 Static Discharge         Conj/Air       0%         2-2/arc   100%        2
 Confusing Touch          Hex            0%         N/A       100%        3
 Vampiric Draining        Necr           0%         2d6       100%        3
 Airstrike                Air            0%         2d(0-16)  100%        4
 Summon Lightning Spire   Summ/Air       0%         N/A       100%        4
 Blade Hands              Tmut           0%         N/A       100%        5
 Irradiate                Conj/Tmut      0%         3d11      100%        5
 Dragon Form              Tmut           0%         N/A       100%        7


Dungeon Overview and Level Annotations

Branches:
Dungeon (6/15)
 Temple: D:4-7

Altars:

Annotations:
D:3 2 transporters, fireball365's ghost, amateur HOFi


Innate Abilities, Weirdness & Mutations

You are amphibious.
You cover ground slowly.
You can hop short distances.
You have an extended range of vision and can be seen from far away.


Message History

You throw a boomerang. The boomerang hits the two-headed ogre!
The two-headed ogre is heavily wounded.
Throw: 6 boomerangs
Press: ? - help, Q - select action, (/) - cycle Shift-Dir - straight line, f/p - two-headed ogre
Aim: a two-headed ogre, wielding a +0 giant club and a +0 dire flail (heavily wounded, haloed, 94% to hit)
You throw a boomerang.
The boomerang hits the two-headed ogre but does no damage.
The two-headed ogre is heavily wounded.
You hit the two-headed ogre but do no damage.
The two-headed ogre is heavily wounded.
The two-headed ogre hits you with a +0 giant club!
The two-headed ogre hits you with a +0 dire flail!
You hit the two-headed ogre.
The two-headed ogre is heavily wounded.
You hit the two-headed ogre.
The two-headed ogre is heavily wounded.
The two-headed ogre completely misses you.
The two-headed ogre hits you with a +0 dire flail.
You hit the two-headed ogre.
The two-headed ogre is severely wounded.
The two-headed ogre barely misses you.
The two-headed ogre hits you with a +0 dire flail!
You slash the two-headed ogre!
The two-headed ogre is almost dead.
You barely miss the two-headed ogre.
The two-headed ogre is almost dead.
The two-headed ogre hits you with a +0 giant club!
* * * LOW HITPOINT WARNING * * *
The two-headed ogre hits you but does no damage.
You hit the two-headed ogre.
The two-headed ogre is almost dead.
The two-headed ogre hits you but does no damage.
The two-headed ogre hits you with a +0 dire flail!
* * * LOW HITPOINT WARNING * * *
You hit the two-headed ogre.
The two-headed ogre is almost dead.
You hit the two-headed ogre but do no damage.
The two-headed ogre is almost dead.
The two-headed ogre hits you with a +0 giant club!
You die...

..# ..# ..#
####.#$...
#....#.... #....#
..l #....## ..
#########.o...# .
#@Ofcco.......##
##############.###
#.....o# #...c...
#####.....).
#.........#.
#.........#.
#.........#.
#.........#.


You could see a two-headed ogre, a sleepcap, 2 centaurs and an orc.

Vanquished Creatures
  Prince Ribbit (D:5)
  Sigmund (D:2)
  A water moccasin (D:5)
  2 sky beasts (D:6)
  An ogre (D:5)
  2 phantoms (D:4)
  A bullfrog (D:6)
  A scorpion (D:5)
  4 wights (D:6)
  2 jellies (D:6)
  3 orc priests
  2 hounds
  Jessica (D:2)
  Natasha (thrice) (D:3)
  Ijyb (D:5)
  2 iguanas
  6 orc wizards
  Robin (D:2)
  4 adders
  An ufetubus (D:6)
  A worm (D:3)
  3 dart slugs
  19 orcs
  7 ball pythons
  5 endoplasms
  12 goblins
  6 hobgoblins
  6 kobolds
  3 quokkas
  8 bats
  3 frilled lizards
  7 rats
120 creatures vanquished.

Notes
Turn   | Place    | Note
-------+----------+-------------------------------------------
     0 | D:1      | jagang the Barachi Monk began the quest for the Orb.
     0 | D:1      | Reached XP level 1. HP: 18/18 MP: 1/1
   157 | D:1      | Reached XP level 2. HP: 20/25 MP: 2/2
   433 | D:1      | Reached XP level 3. HP: 30/30 MP: 3/3
   846 | D:2      | Noticed Sigmund
   872 | D:2      | Killed Sigmund
   873 | D:2      | Reached skill level 5 in Fighting
   873 | D:2      | Reached skill level 5 in Long Blades
   873 | D:2      | Reached XP level 4. HP: 10/39 MP: 4/4
   873 | D:2      | Reached XP level 5. HP: 11/44 MP: 5/5
   916 | D:2      | Noticed Robin
   938 | D:2      | Killed Robin
  1226 | D:2      | Noticed Jessica
  1242 | D:2      | Killed Jessica
  1243 | D:2      | Reached XP level 6. HP: 43/52 MP: 6/6
  1836 | D:3      | Noticed Natasha
  1843 | D:3      | Killed Natasha
  1872 | D:3      | Noticed Natasha
  1883 | D:3      | Killed Natasha
  1925 | D:3      | Noticed Natasha
  1939 | D:3      | Killed Natasha
  1978 | D:3      | Reached skill level 1 in Throwing
  2276 | D:3      | Found a transporter.
  2279 | D:3      | Noticed fireball365's ghost (amateur HOFi)
  2280 | D:3      | Found a transporter.
  2623 | D:4      | You fall into a shaft and drop 1 floor!
  2623 | D:5      | Entered Level 5 of the Dungeon
  2940 | D:4      | Reached XP level 7. HP: 57/59 MP: 7/7
  2979 | D:4      | Identified the +4 leather armour of Disguise {Harm}
  3002 | D:4      | Identified the +1 leather armour "Rexutt" {Str+5}
  3726 | D:5      | Noticed Prince Ribbit
  3764 | D:5      | Reached skill level 5 in Dodging
  3764 | D:5      | Killed Prince Ribbit
  3765 | D:5      | Reached XP level 8. HP: 10/67 MP: 3/8
  4105 | D:5      | Noticed Ijyb
  4112 | D:5      | Killed Ijyb
  4756 | D:6      | Reached XP level 9. HP: 75/75 MP: 9/9
  5104 | D:6      | Noticed a two-headed ogre
  5139 | D:6      | Slain by a two-headed ogre

Illustrated notes

Levels and vault maps discovered:
D:1:      onia_arrival_mini_spirals, layout_basic, minmay_tiny_reverse_x
D:2:      kennysheep_big_flooded_room, layout_loops_cross, uniq_jessica,
          uniq_robin, uniq_sigmund
D:3:      layout_rooms, gammafunk_ghost_mausoleum, minivault_14, uniq_natasha
D:4:      layout_gridville, corexii_leaking_fountain
D:5:      layout_cave_pools, uniq_prince_ribbit1, uniq_ijyb
D:6:      layout_basic, grunt_potential

Skill      XL: |  1  2  3  4  5  6  7  8  9 |
---------------+----------------------------+-----
Fighting       | 4 5 6 7 8 9 |  9.0
Long Blades    | 4 5 6 7 8 9 |  9.0
Dodging        | 4 5 6 |  6.1
Throwing       | 1 2 3 |  3.7

Action                     |  1- 3 |  4- 6 |  7- 9 || total
---------------------------+-------+-------+-------++-------
  Melee: Falchion          |    80 |   146 |   103 ||   329
         Long sword        |       |       |    34 ||    34
  Throw: Boomerang         |       |    15 |    91 ||   106
Ability: Hop               |       |       |     1 ||     1
  Evoke: Wand              |       |       |     1 ||     1
    Use: Potion            |     1 |     1 |       ||     2
         Scroll            |       |     1 |     2 ||     3
 Armour: Leather armour    |    12 |     6 |     5 ||    23
         Robe              |     2 |       |       ||     2
         Ring mail         |       |    29 |       ||    29
         Scale mail        |       |    19 |    14 ||    33
         Chain mail        |       |       |     8 ||     8
         Plate armour      |       |       |    19 ||    19
  Dodge: Dodged            |    58 |    88 |    63 ||   209
